Description

Fast 16 marine drop

VOD

https://www.youtube.com/watch?v=jzoixsf3yJQ

Replay - Diamond to Master Guide Diamond 2 Game 8

Build Order

Get SALT Encoding   

  12  0:00  SCV  
  13  0:13  SCV  
  14  0:18  Supply Depot  
  14  0:25  SCV  
  15  0:40  SCV  
  15  0:41  Barracks  
  16  0:45  Refinery  
  16  0:52  SCV  
  18  1:04  SCV  
  18  1:16  SCV  
  19  1:29  Orbital Command  
  19  1:31  Reaper  
  20  1:44  Command Center  
  20  1:55  SCV  
  20  2:00  Barracks  
  21  2:04  Barracks Reactor  
  21  2:07  SCV  
  22  2:13  Supply Depot  
  22  2:20  SCV  
  23  2:24  Factory  
  23  2:30  Refinery  
  23  2:46  Marine x2  
  23  2:49  Barracks Tech Lab  
  26  2:57  Orbital Command  
  27  3:04  Marine x3  
  29  3:07  Stimpack  
  31  3:21  Starport  
  31  3:22  Marine x2  
  34  3:29  Factory Reactor  
  34  3:30  Marine  
  36  3:41  Supply Depot, Marine x2  
  42  3:57  Supply Depot  
  43  4:05  Supply Depot  
  45  4:14  Factory Reactor  
  46  4:17  Medivac x2  
  60  4:51  Command Center  
  60  4:59  Engineering Bay x2  
  62  5:00  Refinery x2  
  62  5:03  Medivac  
  62  5:05  Widow Mine x2  
  68  5:14  Combat Shields  
  70  5:29  Terran Infantry Weapons Level 1  
  70  6:00  Barracks x2  
  70  6:02  Medivac x2, Widow Mine  
  78  6:06  Terran Infantry Armor Level 1  
  78  6:07  Barracks  
  79  6:13  Orbital Command  
  81  6:27  Widow Mine  
  60  7:01  Barracks Reactor x3  
  68  7:51  Marauder  
  75  7:58  Armory  
  75  8:13  Marauder  
  75  8:16  Widow Mine x2  
  88  8:24  Medivac x2  
  93  8:34  Orbital Command  
  93  8:45  Marauder  
Spawning Tool Build Advisor. Get it on Overwolf

Analysis

Fast 16 marine drop

Go to:

Details

  • Created by: wapper
  • Published on: Dec 31, 2017
  • Modified on: Dec 31, 2017
  • Patch: 4.0.0
Show
View Real Time Build Order
Export as new Build Order

Comments (0)

There are no comments. Be the first!

Create an account to comment!